 Dungeon Crawl Stone Soup version 0.29.0-7-g18a832c13a (webtiles) character file.

Game seed: 10304268109134826392

154 Leibowitz the Cutter (level 5, -12/33 HPs)
             Began as a Kobold Fighter on Aug 30, 2022.
             Mangled by a mummy (17 damage)
             ... in an ossuary.
             The game lasted 00:06:47 (4077 turns).

Leibowitz the Cutter (Kobold Fighter)               Turns: 4077, Time: 00:06:49

Health: -12/33     AC:  5    Str: 13    XL:     5   Next: 63%
Magic:  5/5        EV: 13    Int: 10    God:
Gold:   157        SH:  6    Dex: 16    Spells: 4/4 levels left

rFire   + . .      SeeInvis .   a - +0 rapier
rCold   . . .      Faith    .   c - +0 buckler
rNeg    . . .      Spirit   .   o - +0 leather armour {rF+}
rPois   .          Reflect  .   (no helmet)
rElec   .          Harm     .   (no cloak)
rCorr   .          Rampage  .   (no gloves)
Will    .....                   l - +1 pair of boots
Stlth   +++.......              (no amulet)
HPRegen 0.11/turn               (no ring)
MPRegen 0.09/turn               (no ring)

@: mighty
A: small, no large weapons, nightstalker 3
a: no special abilities


You were in an ossuary.
You visited 1 branch of the dungeon, and saw 4 of its levels.
You also visited: Ossuary.

You collected 157 gold pieces.

Inventory:

Hand Weapons
 a - a +0 rapier (weapon)
Armour
 c - a +0 buckler (worn)
 l - a +1 pair of boots (worn)
 o - a +0 leather armour of fire resistance (worn)
Jewellery
 g - a ring of magical power
Wands
 p - a wand of acid (5)
Scrolls
 e - 8 scrolls of identify {unknown}
 f - a scroll of amnesia {unknown}
 i - 2 scrolls of enchant weapon {unknown}
 j - a scroll of magic mapping {unknown}
 k - 2 scrolls of summoning {unknown}
 m - 2 scrolls of enchant armour {unknown}
 q - a scroll of noise {unknown}
Potions
 b - a potion of flight {unknown}
 h - 4 potions of curing {unknown}
 n - a potion of heal wounds {unknown}


   Skills:
 * Level 3.8 Fighting
 * Level 4.5 Short Blades
 + Level 2.8 Armour
 * Level 1.9 Dodging
 * Level 2.0 Stealth
 * Level 3.0 Shields


You had 4 spell levels left.
You didn't know any spells.
Your spell library contained the following spells:

 Spells                   Type           Power      Damage    Failure   Level
 Gell's Gravitas          Tloc           0%         N/A       91%         3
 Teleport Other           Tloc           0%         N/A       91%         3
 Dispersal                Tloc           0%         N/A       100%        6


Dungeon Overview and Level Annotations

Branches:
Dungeon (4/15)            Ossuary (1/1)
 Temple: D:4-7

Altars:
Gozag
Ru


Innate Abilities, Weirdness & Mutations

You are small and have problems with some larger weapons.
You are completely attuned to the shadows.


Message History

You hit the orc zombie.
You destroy the orc zombie!
You start resting.
An orc zombie is nearby!
You catch the helpless orc zombie completely off-guard!
You puncture the orc zombie!
You destroy the orc zombie!
You start resting.
HP restored. 2 mummies come into view.
The mummy hits you! You block the mummy's attack.
A mummy comes into view.
You open the door.
Found a black potion, a green potion and 10 gold pieces.
There is an open door here.
Found a sedimented coppery potion, a black potion and 18 gold pieces.
There is an open door here.
You hit the mummy but do no damage. You hit the mummy but do no damage.
Found a glowing red potion and 35 gold pieces.
The mummy completely misses you.
Found a scroll labelled BAMIRE LA YJE and 2 gold pieces.
You feel very mighty all of a sudden.
You barely miss the mummy. The mummy hits you!
You puncture the mummy!
The mummy is moderately damaged.
You barely miss the mummy.
The mummy is moderately damaged.
The mummy misses you. The mummy barely misses you.
You puncture the mummy!
The mummy is severely damaged.
You block the mummy's attack.
You hit the mummy.
The mummy is almost destroyed.
The mummy closely misses you. The mummy hits you!
* * * LOW HITPOINT WARNING * * *
The mummy hits you!
Ouch! That really hurt!
You die...

#......##..##
#.....##....##.
#..............
#..M..........
##............
#'##........#
##..##......##
##..MM##....##
#...@M.#....#
$!!....#....#
$!!....#....#
$$!....#....#
#$.?...#....#
#....# #....#
#.∩∩.# ######


You could see 3 mummies.

Vanquished Creatures
  A mummy (Ossuary)
  5 adders
  2 worms (D:2)
  A dart slug (D:2)
  8 ball pythons
  11 bats
  7 endoplasms
  6 goblins
  17 hobgoblins
  4 jackals (D:3)
  6 kobolds
  A quokka (D:1)
  4 frilled lizards
  2 hobgoblin zombies (Ossuary)
  3 kobold zombies (Ossuary)
  2 orc zombies (Ossuary)
  5 rats
85 creatures vanquished.

Notes
Turn   | Place    | Note
-------+----------+-------------------------------------------
     0 | D:1      | Leibowitz the Kobold Fighter began the quest for the Orb.
     0 | D:1      | Reached XP level 1. HP: 14/14 MP: 1/1
    66 | D:1      | Reached XP level 2. HP: 10/19 MP: 2/2
   691 | D:1      | Reached skill level 3 in Short Blades
   691 | D:1      | Reached XP level 3. HP: 20/23 MP: 3/3
  1222 | D:2      | Reached skill level 1 in Stealth
  1420 | D:2      | Reached skill level 1 in Dodging
  1420 | D:2      | Reached XP level 4. HP: 25/29 MP: 4/4
  2139 | D:2      | Reached skill level 4 in Short Blades
  2144 | D:2      | Reached XP level 5. HP: 14/33 MP: 5/5
  2747 | D:2      | Found a faded altar of an unknown god.
  3079 | D:3      | Found an opulent altar of Gozag.
  3561 | D:3      | Found a sacrificial altar of Ru.
  3773 | D:4      | Found a sand-covered staircase.
  3778 | Ossuary  | Entered an ossuary
  4077 | Ossuary  | Mangled by a mummy

Illustrated notes

Levels and vault maps discovered:
D:1:      minmay_arrival_radiant_lines, layout_rooms
D:2:      minmay_razor_zed, layout_loops_cross,
          shapermc_ecumenical_altar_flowoftime, serial_rivers,
          chequers_serial_rivers_micro_a, chequers_serial_rivers_small_b,
          chequers_serial_rivers_large_b, chequers_serial_rivers_marsh,
          chequers_serial_rivers_small_a
D:3:      wander_river, layout_rooms, nicolae_ru_path_of_blood,
          nicolae_gozag_seed_capital
D:4:      layout_basic, enter_ossuary_2, serial_shops, shop, uniq_blork_the_orc,
          uniq_duvessa
Ossuary:  ossuary_tomb_3

Skill      XL: |  1  2  3  4  5 |
---------------+----------------+-----
Short Blades   | 3 4 |  4.5
Stealth        | 1 2 |  2.0
Dodging        | 1 |  1.9
Shields        | 3 |  3.0
Fighting       | |  3.8
Armour         | |  2.8

Action                   |  1- 3 |  4- 6 || total
-------------------------+-------+-------++-------
Melee: Rapier            |   128 |   147 ||   275
  Use: Potion            |       |     1 ||     1
 Stab: Sleeping          |     3 |    11 ||    14
       Distracted        |       |     1 ||     1
Armor: Scale mail        |    45 |     5 ||    50
       Leather armour    |       |    17 ||    17
Dodge: Dodged            |    77 |    63 ||   140
Block: Buckler           |    35 |    41 ||    76
